 Dungeon Crawl Stone Soup version 0.30-a0-263-ge22c4ad894 (webtiles) character file.

Game seed: 16756883375208384969

39 Red5 the Trooper (level 3, 0/32 (33) HPs)
             Began as a Hill Orc Fighter on Oct 13, 2022.
             Slain by Terence
             ... wielding a +5 mace of holy wrath
              (5 damage)
             ... on level 2 of the Dungeon.
             The game lasted 00:09:34 (622 turns).

Red5 the Trooper (Hill Orc Fighter)                  Turns: 622, Time: 00:09:34

HP:   0/32 (33)     AC: 11    Str: 20    XL:     3   Next: 47%
MP:   3/3           EV:  5    Int:  8    God:
Gold: 11            SH:  4    Dex: 10    Spells: 1/2 levels left

rFire   . . .      SeeInvis .    a - +0 war axe
rCold   . . .      Faith    .    c - +0 buckler
rNeg    . . .      Spirit   .    i - +0 plate armour
rPois   .          Reflect  .    (no helmet)
rElec   .          Harm     .    (no cloak)
rCorr   .          Rampage  .    (no gloves)
Will    .....                    (no boots)
Stlth   ..........               (no amulet)
HPRegen 0.25/turn                (no ring)
MPRegen 0.08/turn                (no ring)

@: lightly drained
A: no striking features
a: no special abilities


You were on level 2 of the Dungeon.
You visited 1 branch of the dungeon, and saw 2 of its levels.

You collected 11 gold pieces.

Inventory:

Hand Weapons
 a - a +0 war axe (weapon)
 f - a +0 club
 g - a +0 short sword
 j - a +1 whip of draining
Armour
 b - a +0 scale mail
 c - a +0 buckler (worn)
 i - a +0 plate armour (worn)
Scrolls
 e - a scroll of identify {unknown}
Potions
 d - a potion of might
 h - a potion of curing {unknown}


   Skills:
 + Level 4.3 Fighting
 + Level 3.5 Axes
 + Level 3.7 Armour
 + Level 0.2 Dodging
 + Level 3.4 Shields


You had one spell level left.
You knew the following spells:

 Your Spells              Type           Power      Damage    Failure   Level
a - Necrotise             Necr           0%         1d4       100%        1

Your spell library contained the following spells:

 Spells                   Type           Power      Damage    Failure   Level
 Vampiric Draining        Necr           0%         2d6       100%        3
 Agony                    Necr           0%         N/A       100%        5


Dungeon Overview and Level Annotations

Branches:
Dungeon (2/15)

Altars:

Annotations:
D:2 Terence


Message History

There is a stone staircase leading down here.
You start waiting.
Done waiting.
Found a scale mail.
You see here a +0 scale mail.
There is a stone staircase leading down here.
You climb downwards.
Found a stone staircase leading down.
There is a stone staircase leading up here.
You open the door.
Terence and an adder come into view.
Terence is wielding a +5 mace of holy wrath.
Terence shouts!
The adder hisses angrily.
A rat comes into view.
Found a sling.
Found a tiny zirconium amulet.
The adder bites you but does no damage.
There are no items here.
You slash the adder!
You kill the adder!
You slash the rat!
You kill the rat!
You closely miss Terence. Terence hits you but does no damage.
You block Terence's attack.
You hit Terence but do no damage. Terence hits you but does no damage.
You barely miss Terence. Terence hits you but does no damage.
Terence hits you with a +5 mace of holy wrath.
Your life force is lightly drained.
Your movement speed is average.
Your attack delay is about 1.3.
Your damage rating with your +0 war axe is about 15 (Base 11 x 125% (Str) x 114% (Skill)).
Terence attacks as you move away!
Terence hits you with a +5 mace of holy wrath.
You barely miss Terence.
Terence hits you with a +5 mace of holy wrath!
Terence attacks as you move away! Terence hits you but does no damage.
Terence attacks as you move away!
Terence hits you with a +5 mace of holy wrath!
* * * LOW HITPOINT WARNING * * *
You closely miss Terence.
Terence hits you with a +5 mace of holy wrath.
You die...

#.......#
#.......#
#.......#
#.......#
......" .)..
#########'#
#.@@......#
#.#########
#.# #.#####
#.....#######
#####.>......
#<.###.##
##.......
.....#.


You could see Terence.

Vanquished Creatures
  An adder (D:2)
  A bat (D:1)
  An endoplasm (D:1)
  A goblin (D:1)
  A hobgoblin (D:1)
  11 jackals (D:1)
  3 kobolds (D:1)
  2 quokkas (D:1)
  2 frilled lizards (D:1)
  3 rats
26 creatures vanquished.

Notes
Turn   | Place    | Note
-------+----------+-------------------------------------------
     0 | D:1      | Red5 the Hill Orc Fighter began the quest for the Orb.
     0 | D:1      | Reached XP level 1. HP: 19/19 MP: 1/1
    37 | D:1      | Reached skill level 4 in Fighting
    37 | D:1      | Reached XP level 2. HP: 27/27 MP: 2/2
   186 | D:1      | Learned a level 1 spell: Necrotise
   307 | D:1      | Reached XP level 3. HP: 33/33 MP: 3/3
   606 | D:2      | Noticed Terence
   622 | D:2      | Slain by Terence

Illustrated notes

Levels and vault maps discovered:
D:1:      dpeg_arrival_renting, layout_loops_ring, st_stairs_7
D:2:      layout_basic, serial_shops, nicolae_shop_stone, minmay_tetromino_o2,
          uniq_terence

Skill      XL: |  1  2 |
---------------+-------+-----
Fighting       | 4 |  4.3
Axes           | 3 |  3.5
Armour         | |  3.7
Dodging        | |  0.2
Shields        | |  3.4

Action                   || total
-------------------------++-------
Melee: War axe           ||    85
Armor: Scale mail        ||    16
       Plate armour      ||    34
Dodge: Dodged            ||    30
Block: Buckler           ||    21

Table legend: (Time is in decaauts)
 A = Elapsed time spent in this place.
 B = Non-inter-level travel time spent in this place.
 C = Inter-level travel time spent in this place.
 D = Time resting spent in this place.
 E = Time spent auto-exploring this place.
 F = Levels seen in this place.
 G = Mean time per level.
                   A        B        C        D        E       F      G
               +--------+--------+--------+--------+--------+-----+--------+
         Total |    655 |    655 |      0 |    100 |      0 |   2 |  327.5 |
       Dungeon |    655 |    655 |      0 |    100 |      0 |   2 |  327.5 |
               +--------+--------+--------+--------+--------+-----+--------+

Top non-repeatable levels by time:
     D:1: 618 daAuts
     D:2: 37 daAuts
